Map: [ESL] Goldenaura

Players

Cham

  • Race: Zerg Zerg
  • Spawn Location: 5:00

DisK - Winner!

  • Race: Protoss Protoss
  • Spawn Location: 12:00

Event: ESL SC2 Masters 2024 Spring (Regional)

VOD

Have the link to the VOD?

Description

Time

  • Played on: May 3, 2024, 2:05 p.m.
  • Length: 17:28

All games in this series

Show
View Real Time Build Order
Export as new Build Order

Cham Zerg 

Build Orders: Hatch First, Lurkers, Roach Hydra 

Get SALT Encoding   

  12  0:00  Drone  
  13  0:12  Overlord  
  13  0:17  Drone  
  14  0:30  Drone x2  
  16  0:48  Hatchery  
  15  0:52  Drone  
  15  0:55  Drone  
  17  1:00  Drone  
  18  1:12  Spawning Pool  
  18  1:15  Extractor  
  18  1:17  Drone  
  17  1:21  Drone  
  18  1:28  Drone  
  19  1:38  Drone  
  20  1:49  Drone  
  21  1:59  Queen  
  21  2:00  Queen  
  21  2:01  Drone x2  
  27  2:11  Overlord  
  27  2:13  Drone  
  28  2:15  Metabolic Boost  
  28  2:28  Hatchery  
  27  2:33  Zergling x2  
  27  2:36  Zergling x2  
  29  2:40  Queen  
  29  2:42  Drone  
  32  2:46  Overlord  
  32  2:49  Drone  
  33  3:01  Overlord  
  33  3:02  Queen  
  33  3:04  Spore Crawler  
  34  3:11  Drone  
  36  3:12  Drone  
  36  3:13  Drone x2  
  36  3:18  Drone x2  
  36  3:19  Drone x2  
  41  3:23  Overlord  
  41  3:31  Overlord  
  41  3:36  Drone x2  
  41  3:37  Queen  
  45  3:42  Queen  
  47  3:49  Drone x3  
  47  3:50  Drone  
  47  3:53  Zergling x4  
  54  3:55  Zergling x2  
  54  3:57  Drone  
  54  3:58  Drone  
  56  4:07  Spore Crawler  
  56  4:08  Spore Crawler, Drone x3  
  57  4:13  Drone x3  
  57  4:17  Drone  
  59  4:19  Drone  
  59  4:20  Drone x2  
  62  4:26  Queen  
  62  4:28  Drone  
  62  4:29  Drone x2  
  67  4:32  Overlord  
  67  4:34  Drone  
  67  4:37  Overlord  
  67  4:38  Drone  
  69  4:42  Lair  
  69  4:45  Extractor  
  68  4:49  Overlord, Roach Warren  
  68  4:51  Drone  
  68  4:52  Drone  
  69  4:53  Drone  
  69  4:54  Drone  
  69  4:57  Drone x3  
  69  4:59  Drone  
  75  5:00  Extractor x2  
  75  5:01  Drone  
  75  5:05  Drone x3  
  77  5:08  Drone x2  
  77  5:13  Drone  
  77  5:14  Drone  
  80  5:16  Zergling x2  
  76  5:22  Zergling x4  
  76  5:23  Zergling x2, Drone  
  76  5:24  Drone x2  
  76  5:25  Drone x2  
  76  5:27  Extractor  
  79  5:30  Drone x3  
  79  5:31  Drone  
  79  5:35  Drone  
  82  5:36  Drone  
  82  5:37  Drone  
  84  5:43  Glial Reconstitution, Hatchery  
  84  5:49  Evolution Chamber  
  82  5:50  Drone x2  
  82  5:51  Hydralisk Den  
  82  5:52  Extractor  
  82  5:54  Drone  
  82  5:55  Drone  
  81  6:00  Drone x2  
  81  6:01  Drone  
  81  6:02  Drone  
  81  6:03  Drone  
  86  6:05  Overlord x2  
  86  6:06  Drone  
  86  6:08  Overlord  
  87  6:13  Overlord  
  87  6:14  Zerg Missile Weapons Level 1  
  87  6:15  Overlord  
  87  6:18  Roach  
  89  6:24  Grooved Spines  
  89  6:25  Roach x4  
  97  6:30  Drone x4  
  98  6:36  Drone x3  
  98  6:37  Drone  
  98  6:43  Drone x2  
  100  6:49  Drone x2  
  100  6:50  Drone  
  100  6:54  Overlord, Drone x3  
  103  6:55  Drone x2  
  103  6:56  Drone  
  103  6:59  Extractor  
  108  7:02  Hydralisk x2, Overlord  
  108  7:06  Overlord x3  
  108  7:08  Hydralisk  
  113  7:10  Hydralisk  
  113  7:11  Hydralisk  
  113  7:14  Muscular Augments  
  115  7:17  Overlord  
  115  7:19  Overlord  
  115  7:20  Hydralisk  
  116  7:24  Overlord  
  116  7:25  Hydralisk x3  
  116  7:28  Hydralisk  
  116  7:29  Hydralisk x2  
  125  7:33  Hydralisk x2  
  125  7:37  Drone x2  
  133  7:38  Hydralisk  
  133  7:42  Hydralisk, Overlord x2  
  137  7:46  Hydralisk x2  
  137  7:48  Pneumatized Carapace  
  137  7:50  Hydralisk  
  141  7:54  Hydralisk x2  
  141  7:56  Hydralisk  
  145  7:59  Hydralisk x2  
  147  8:07  Roach x3  
  147  8:08  Roach, Zerg Ground Armor Level 1  
  147  8:09  Roach  
  147  8:11  Overlord, Drone  
  158  8:13  Roach  
  158  8:18  Roach x3  
  158  8:19  Roach  
  168  8:22  Hydralisk x2  
  168  8:24  Hydralisk  
  168  8:25  Hydralisk  
  176  8:30  Hydralisk x2  
  176  8:31  Hydralisk  
  182  8:38  Roach  
  182  8:39  Roach x2  
  182  8:40  Nydus Network  
  187  8:44  Roach x4  
  187  8:46  Roach  
  197  8:54  Roach  
  199  8:57  Roach, Hatchery  
  194  9:12  Hydralisk x2  
  196  9:17  Nydus Canal  
  196  9:21  Hydralisk  
  196  9:22  Hydralisk x8  
  200  9:37  Roach  
  200  9:38  Hydralisk x3, Nydus Canal  
  194  9:43  Hydralisk, Roach x2  
  194  9:44  Roach  
  198  9:49  Roach  
  198  9:50  Hydralisk x2  
  198  9:51  Roach x2, Hydralisk  
  172  9:55  Hydralisk x5  
  172  9:57  Nydus Canal  
  166  10:02  Hydralisk, Roach x2  
  166  10:05  Roach  
  164  10:07  Roach x2  
  164  10:10  Roach x2  
  164  10:13  Roach x2  
  162  10:18  Hydralisk x2  
  162  10:19  Hydralisk  
  164  10:21  Extractor  
  164  10:23  Drone x6  
  164  10:28  Drone x3  
  171  10:29  Infestation Pit  
  171  10:32  Drone  
  172  10:38  Spore Crawler  
  172  10:39  Spine Crawler x2  
  172  10:42  Extractor  
  168  10:43  Zerg Ground Armor Level 2  
  168  10:45  Hydralisk x4, Extractor  
  168  10:46  Evolution Chamber  
  168  10:47  Drone x4  
  168  10:48  Drone  
  168  10:49  Roach  
  181  10:55  Overlord  
  181  11:03  Lurker Den, Drone x2  
  182  11:07  Spore Crawler  
  182  11:10  Spore Crawler  
  182  11:11  Overlord  
  180  11:13  Zerg Missile Weapons Level 2  
  180  11:17  Overlord  
  180  11:20  Hive  
  180  11:21  Drone  
  181  11:29  Drone x3  
  181  11:30  Drone  
  181  11:31  Hatchery  
  181  11:32  Spore Crawler  
  183  11:34  Spore Crawler  
  183  11:36  Spore Crawler  
  183  11:37  Spine Crawler, Drone x2  
  183  11:38  Spore Crawler x2, Drone x3  
  183  11:40  Spore Crawler  
  183  11:42  Drone x4  
  186  11:50  Spore Crawler  
  186  11:52  Spore Crawler  
  184  12:00  Drone  
  184  12:01  Drone, Spire  
  186  12:02  Lurker  
  186  12:04  Lurker x2  
  188  12:09  Spine Crawler, Spore Crawler, Spire  
  188  12:10  Lurker, Spine Crawler  
  188  12:13  Drone x3  
  188  12:16  Spore Crawler  
  188  12:18  Lurker x2  
  188  12:20  Lurker x2  
  188  12:22  Drone x2  
  193  12:23  Drone  
  193  12:24  Drone  
  193  12:25  Spore Crawler  
  194  12:30  Overlord  
  194  12:31  Adaptive Talons  
  194  12:38  Drone x4  
  194  12:39  Drone x2  
  194  12:43  Spore Crawler  
  199  12:46  Hydralisk, Spore Crawler  
  199  12:47  Spine Crawler  
  199  12:52  Lurker  
  200  12:59  Spore Crawler  
  200  13:00  Zerg Melee Weapons Level 1, Extractor  
  200  13:01  Drone x3  
  200  13:02  Spore Crawler, Extractor  
  200  13:04  Hydralisk x5  
  200  13:05  Spine Crawler  
  178  13:07  Hydralisk  
  178  13:10  Hydralisk  
  178  13:12  Hydralisk x2  
  166  13:17  Greater Spire  
  166  13:19  Drone  
  170  13:20  Drone x3  
  170  13:21  Zerg Flyer Weapons Level 1  
  170  13:23  Hydralisk x2  
  176  13:27  Lurker x4  
  176  13:28  Drone, Seismic Spines  
  176  13:29  Drone  
  176  13:32  Drone x3  
  185  13:35  Spore Crawler  
  185  13:37  Spore Crawler x2  
  185  13:40  Zerg Ground Armor Level 3  
  182  13:43  Drone  
  182  13:45  Ultralisk Cavern  
  182  13:47  Baneling Nest  
  179  13:52  Nydus Canal  
  179  13:57  Corruptor x4  
  179  14:01  Drone x4  
  179  14:02  Drone  
  192  14:06  Spine Crawler  
  192  14:08  Corruptor  
  192  14:09  Corruptor  
  195  14:19  Spine Crawler  
  195  14:21  Overlord  
  195  14:22  Spine Crawler  
  195  14:24  Drone x3  
  195  14:25  Overseer  
  195  14:27  Spore Crawler x2  
  192  14:39  Lurker  
  192  14:40  Lurker, Brood Lord x3  
  200  14:47  Hatchery  
  200  14:49  Spine Crawler  
  200  14:51  Overseer, Zerg Flyer Armor Level 1  
  200  14:52  Overseer  
  198  14:56  Spine Crawler  
  197  15:02  Spine Crawler, Drone  
  197  15:03  Drone  
  197  15:05  Spore Crawler  
  197  15:13  Brood Lord  
  199  15:31  Overseer  
  199  15:32  Spore Crawler  
  199  15:33  Spore Crawler  
  197  15:39  Overseer x2  
  197  16:01  Nydus Canal  
  197  16:04  Corruptor  
  197  16:11  Corruptor x9  
  191  16:25  Corruptor x9  
  166  16:26  Corruptor x3  
  166  16:32  Zergling x4  
  162  16:33  Zergling x40  
  158  16:44  Hydralisk x7  
  158  16:46  Drone  
  155  16:47  Drone x11  
  155  16:51  Hydralisk  
  158  16:56  Hydralisk  
  146  17:02  Hydralisk x2  
Show
View Real Time Build Order
Export as new Build Order

DisK Protoss - Winner!

Build Orders: 1 Gate Expand, Oracle Opening, Carriers 

Get SALT Encoding   

  12  0:00  Probe  
  13  0:12  Probe  
  14  0:19  Pylon  
  14  0:24  Probe  
  15  0:37  Probe (Chrono Boost)  
  15  0:38  Gateway  
  16  0:47  Assimilator, Probe (Chrono Boost)  
  17  0:52  Probe (Chrono Boost)  
  18  1:03  Probe  
  19  1:15  Probe  
  20  1:24  Nexus  
  20  1:34  Cybernetics Core  
  20  1:38  Probe  
  21  1:44  Assimilator  
  21  1:50  Probe  
  21  1:53  Pylon  
  22  2:02  Probe (Chrono Boost)  
  23  2:09  Adept (Chrono Boost)  
  23  2:10  Warp Gate  
  23  2:13  Probe (Chrono Boost)  
  26  2:18  Probe (Chrono Boost)  
  27  2:24  Stargate  
  27  2:29  Probe  
  28  2:32  Stalker (Chrono Boost)  
  30  2:38  Probe  
  30  2:42  Probe  
  32  2:50  Probe  
  33  2:54  Probe  
  34  3:02  Probe  
  35  3:07  Probe  
  35  3:08  Oracle (Chrono Boost)  
  39  3:14  Probe  
  39  3:19  Probe  
  41  3:22  Pylon  
  41  3:23  Gateway  
  41  3:27  Probe  
  41  3:31  Probe  
  43  3:42  Nexus  
  43  3:45  Probe  
  43  3:47  Probe  
  45  3:49  Pylon  
  45  3:52  Oracle  
  48  3:58  Assimilator  
  48  3:59  Assimilator  
  48  4:01  Adept  
  50  4:04  Probe  
  50  4:06  Probe  
  52  4:16  Probe (Chrono Boost)  
  53  4:19  Pylon  
  53  4:20  Probe (Chrono Boost)  
  54  4:27  Probe (Chrono Boost)  
  54  4:29  Twilight Council, Probe (Chrono Boost)  
  54  4:30  Forge  
  56  4:32  Probe (Chrono Boost)  
  56  4:34  Adept  
  59  4:38  Shield Battery  
  59  4:40  Probe  
  60  4:46  Probe (Chrono Boost)  
  60  4:50  Gateway  
  60  4:51  Gateway  
  60  4:52  Probe (Chrono Boost)  
  62  4:57  Probe (Chrono Boost)  
  64  5:04  Probe x2 (Chrono Boost)  
  65  5:08  Probe (Chrono Boost)  
  65  5:09  Probe (Chrono Boost)  
  65  5:10  Blink, Probe (Chrono Boost)  
  68  5:17  Protoss Ground Weapons Level 1 (Chrono Boost), Adept x2  
  68  5:19  Probe x2  
  72  5:23  Probe  
  73  5:31  Probe  
  73  5:33  Probe  
  73  5:35  Pylon, Probe  
  72  5:38  Assimilator x2  
  72  5:40  Stalker x2  
  76  5:43  Probe  
  76  5:45  Probe  
  76  5:47  Probe  
  76  5:48  Pylon  
  79  5:56  Probe  
  80  5:57  Probe  
  80  5:59  Probe  
  80  6:01  Templar Archives  
  82  6:04  Stalker x2  
  82  6:08  Robotics Facility, Probe  
  82  6:09  Stalker x2, Probe  
  93  6:11  Probe  
  93  6:14  Gateway  
  93  6:17  Gateway  
  93  6:25  Probe x2  
  95  6:32  Psionic Storm  
  96  6:37  Probe x2  
  94  6:43  Stalker  
  94  6:44  Gateway x2  
  95  6:47  Stalker  
  95  6:50  Pylon, Nexus  
  95  6:53  Pylon  
  97  6:55  Pylon  
  97  6:57  High Templar x2  
  100  7:10  Pylon x2  
  100  7:12  Observer  
  100  7:13  Photon Cannon  
  100  7:15  Photon Cannon, Shield Battery  
  100  7:17  High Templar x4, Protoss Ground Weapons Level 2 (Chrono Boost)  
  100  7:20  Charge  
  100  7:21  Nexus  
  109  7:29  Stalker x2  
  113  7:34  Pylon, Probe x2  
  113  7:35  Probe  
  113  7:36  Pylon  
  116  7:40  Immortal (Chrono Boost)  
  120  7:46  Probe  
  119  7:52  Photon Cannon  
  119  7:53  Photon Cannon  
  119  7:54  Shield Battery  
  119  7:59  Stalker x4  
  119  8:04  Probe x2  
  119  8:05  Probe  
  130  8:06  Photon Cannon  
  130  8:09  Pylon  
  130  8:12  Shield Battery  
  130  8:16  Robotics Facility  
  130  8:22  Immortal (Chrono Boost)  
  134  8:28  High Templar  
  134  8:31  Photon Cannon  
  134  8:32  Probe x3  
  134  8:33  Probe  
  140  8:36  Pylon  
  140  8:44  Fleet Beacon  
  140  8:49  Assimilator x2  
  140  8:51  High Templar x2, Protoss Air Weapons Level 1  
  141  8:56  Pylon, Stalker x3  
  141  8:57  Archon  
  147  9:09  Stalker x3  
  153  9:25  Warp Prism (Chrono Boost)  
  153  9:26  Immortal (Chrono Boost), Stalker x5  
  169  9:32  Zealot x3  
  169  9:35  Stargate  
  155  9:53  Archon x2, Stalker x6  
  155  9:54  Stalker  
  154  10:12  Observer  
  150  10:17  Probe x2  
  150  10:21  Stargate  
  152  10:22  Stargate  
  152  10:24  Pylon, Probe x2  
  154  10:28  Pylon  
  154  10:31  Immortal x2  
  154  10:32  Pylon  
  162  10:43  Pylon  
  162  10:48  Carrier x2 (Chrono Boost)  
  162  10:51  Zealot x5  
  162  10:52  Zealot x3  
  190  10:58  Photon Cannon  
  190  11:02  Photon Cannon x2  
  190  11:03  Shield Battery  
  190  11:04  Photon Cannon  
  190  11:09  Observer  
  190  11:17  Protoss Ground Weapons Level 3, Carrier (Chrono Boost)  
  197  11:24  Stalker  
  199  11:28  Photon Cannon  
  199  11:32  Dark Shrine  
  199  11:36  Protoss Air Weapons Level 2 (Chrono Boost)  
  199  11:43  High Templar  
  199  11:44  High Templar  
  199  11:48  Observer  
  199  11:50  Photon Cannon  
  199  11:53  Photon Cannon  
  196  11:54  Oracle (Chrono Boost), Shield Battery  
  196  11:56  Pylon  
  196  11:59  Nexus  
  199  12:04  Photon Cannon  
  199  12:07  Shield Battery  
  199  12:35  Gateway  
  199  12:39  Gateway  
  199  12:41  Gateway  
  199  12:45  Gateway  
  197  13:04  Carrier x2 (Chrono Boost)  
  169  13:06  Observer  
  169  13:10  Carrier x2 (Chrono Boost)  
  166  13:15  High Templar x2  
  166  13:17  Pylon  
  166  13:19  Zealot x6, Pylon  
  194  13:24  Assimilator  
  194  13:28  Assimilator  
  190  13:43  Pylon  
  190  13:46  Photon Cannon  
  190  13:47  Photon Cannon  
  182  13:50  Photon Cannon  
  182  13:51  Shield Battery  
  182  13:53  Shield Battery  
  182  13:54  Protoss Air Weapons Level 3 (Chrono Boost), Dark Templar  
  184  14:01  Pylon, Carrier x2 (Chrono Boost)  
  196  14:10  Oracle (Chrono Boost)  
  196  14:15  Nexus  
  199  14:18  Pylon  
  199  14:20  Pylon  
  199  14:23  Observer  
  199  14:30  Shadow Stride  
  199  14:31  Robotics Bay  
  200  14:45  Nexus  
  200  14:48  Pylon  
  200  14:49  Photon Cannon x2  
  200  14:51  Photon Cannon  
  200  14:53  Photon Cannon  
  200  14:54  Photon Cannon  
  200  14:55  Shield Battery  
  200  14:56  Pylon  
  200  15:00  Shield Battery  
  198  15:14  Protoss Shields Level 1  
  198  15:31  Photon Cannon  
  198  15:32  Photon Cannon  
  198  15:34  Shield Battery  
  198  15:37  Assimilator  
  198  15:40  Assimilator  
  198  15:41  Gravitic Boosters (Chrono Boost)  
  188  16:29  Carrier x3 (Chrono Boost)  
  163  17:08  Zealot  
  163  17:09  Zealot x11  
Tags
 
Add a new tag
Caveats
  • Supply blocks, unpowered buildings, or Contaminate may cause inaccurate times.
  • Supply counts are checked every 10 seconds.